 Dungeon Crawl Stone Soup version 0.30-a0-743-gbfdf073431 (webtiles) character file.

Game seed: 15667305746325231422

386 cheesebisquit the Digger (level 6, -7/37 HPs)
             Began as a Gargoyle Earth Elementalist on Feb 5, 2023.
             Was an Initiate of Vehumet.
             Mangled by an orc warrior
             ... wielding a +0 glaive
              (15 damage)
             ... on level 4 of the Dungeon.
             The game lasted 00:10:09 (4334 turns).

cheesebisquit the Digger (GrEE)                     Turns: 4334, Time: 00:10:10

Health: -7/37      AC:  6    Str: 11 (12) XL:     6   Next: 78%
Magic:  5/11       EV: 11    Int: 14 (17) God:    Vehumet [......]
Gold:   245        SH:  0    Dex:  9 (10) Spells: 11/12 levels left

rFire   . . .      SeeInvis .    t - +2 flail (heavy)
rCold   . . .      Faith    +    (no shield)
rNeg    + . .      Spirit   .    a - +0 robe
rPois   ∞          Reflect  .    (no helmet)
rElec   +          Harm     .    (no cloak)
rCorr   .          Rampage  .    (no gloves)
Will    .....                    (no boots)
Stlth   ++                       v - amulet of faith
HPRegen 0.26/turn                (no ring)
MPRegen 0.12/turn                (no ring)

@: hasted, very quick
A: sickness immunity, AC +4, negative energy resistance 1, electricity
resistance, torment resistance 1, petrification resistance
a: Renounce Religion


You were on level 4 of the Dungeon.
You worshipped Vehumet.
Vehumet was noncommittal.
You visited 2 branches of the dungeon, and saw 5 of its levels.

You collected 245 gold pieces.

Inventory:

Hand Weapons
 o - a +0 flail
 t - a +2 heavy flail (weapon)
Missiles
 k - a throwing net
 m - 9 boomerangs
 r - 3 poisoned darts
Armour
 a - a +0 robe (worn)
Jewellery
 v - an amulet of faith (around neck)
Wands
 q - a wand of mindburst (17)
Scrolls
 b - a scroll of butterflies {unknown}
 c - 2 scrolls of fear {unknown}
 d - a scroll of torment {unknown}
 g - 2 scrolls of identify {unknown}
 h - 2 scrolls of noise {unknown}
 i - a scroll of immolation {unknown}
 j - a scroll of teleportation {unknown}
 l - 3 scrolls of fog
 s - a scroll of poison {unknown}
 u - a scroll of blinking {unknown}
Potions
 e - 3 potions of degeneration
 f - 7 potions of curing


   Skills:
 + Level 3.4 Fighting
 - Level 1.5 Dodging
 - Level 2.1 Stealth
 + Level 3.6 Spellcasting
 - Level 0.7 Transmutations
 * Level 6.7 Earth Magic


You had 11 spell levels left.
You knew the following spells:

 Your Spells              Type           Power      Damage    Failure   Level
a - Sandblast             Erth           42%        2d11      1%          1

Your spell library contained the following spells:

 Spells                   Type           Power      Damage    Failure   Level
 Passwall                 Tmut/Erth      10%        N/A       7%          2
 Stone Arrow              Conj/Erth      22%        3d8       16%         3
 Petrify                  Tmut/Erth      13%        N/A       41%         4


Dungeon Overview and Level Annotations

Branches:
Dungeon (4/15)             Temple (1/1) D:4

Altars:
Ashenzari
Cheibriados
Dithmenos
Elyvilon
Fedhas
Gozag
Hepliaklqana
Kikubaaqudgha
Makhleb
Nemelex Xobeh
Okawaru
Sif Muna
Trog
Uskayaw
Vehumet
Xom
Yredelemnul
Zin
The Shining One


Innate Abilities, Weirdness & Mutations

You are immune to sickness and miasma.
Your stone body is resilient. (AC +4)
You are immune to poison.
You resist negative energy. (rN+)
You are resistant to electric shocks. (rElec)
You are resistant to unholy torment.
You are immune to petrification.


Message History

The orc warrior hits you from afar with a +0 glaive.
You can't see any susceptible monsters within range! (Use Z to cast anyway.)
The blast of sand misses the orc warrior.
The orc warrior hits you with a +0 glaive.
The blast of sand hits the orc warrior but does no damage.
The orc warrior is lightly wounded.
The orc warrior closely misses you.
The orc warrior hits you with a +0 glaive!
* * * LOW HITPOINT WARNING * * *
It was a potion of curing.
You feel better.
The orc warrior hits you with a +0 glaive.
You are too injured to fight recklessly!
Aiming: Sandblast (safe; 1% risk of failure)
Press: ? - help, Q - select action, (/) - cycle Shift-Dir - straight line, f/p - orc warrior
Aim: an orc warrior, wielding a +0 glaive and wearing a +0 plate armour (lightly wounded, 83% to hit)
Okay, then.
It was a potion of degeneration.
There was something very wrong with that liquid.
You feel weakened.
You feel dopey.
You feel clumsy. The orc warrior closely misses you.
It was a potion of haste.
You feel yourself speed up. The orc warrior barely misses you.
It was a potion of heal wounds.
You feel much better.
Aiming: Sandblast (safe; 1% risk of failure)
Press: ? - help, Q - select action, (/) - cycle Shift-Dir - straight line, f/p - orc warrior
Aim: an orc warrior, wielding a +0 glaive and wearing a +0 plate armour (lightly wounded, 83% to hit)
The blast of sand hits the orc warrior.
The orc warrior is moderately wounded.
The orc warrior hits you with a +0 glaive!
Aiming: Sandblast (safe; 1% risk of failure)
Press: ? - help, Q - select action, (/) - cycle Shift-Dir - straight line, f/p - orc warrior
Aim: an orc warrior, wielding a +0 glaive and wearing a +0 plate armour (moderately wounded, 83% to hit)
The blast of sand hits the orc warrior.
The orc warrior is heavily wounded.
The orc warrior hits you with a +0 glaive!
* * * LOW HITPOINT WARNING * * *
As you read the scroll labelled XENNI JAFE, it crumbles to dust.
The scroll dissolves into smoke.
It was a scroll of fog.
The orc warrior hits you with a +0 glaive!
You die...

#..#####.#.#.# #.#..#
#......#.#.#.# #....#
#.####.#.#.#.# ###..# #.#
#.#.....# ###########... #.#
#.###.### #.(..........# #.#
### ### ###########.## #.######
#######..###......#
#....#.######8§8#~....#########
####..#.#.....#@#.._..#
#####.##.###8o§....# ######
#####..## #


You could see an orc warrior.

Vanquished Creatures
  A black bear (D:3)
  A hound (D:4)
  An orc priest (D:4)
  2 jellies (D:2)
  3 gnolls (D:3)
  3 adders
  A worm (D:2)
  A dart slug (D:3)
  5 orcs
  10 ball pythons
  16 endoplasms
  3 giant cockroaches
  7 goblins
  5 hobgoblins
  4 jackals (D:2)
  8 quokkas
  2 bats (D:2)
  3 frilled lizards
  18 kobolds
  10 rats
104 creatures vanquished.

Vanquished Creatures (others)
  2 fungi (D:2)
  7 toadstools (D:2)
9 creatures vanquished.

Grand Total: 113 creatures vanquished

Notes
Turn   | Place    | Note
-------+----------+-------------------------------------------
     0 | D:1      | cheesebisquit the Gargoyle Earth Elementalist began the
                  | quest for the Orb.
     0 | D:1      | Reached XP level 1. HP: 10/10 MP: 3/3
   231 | D:1      | Reached XP level 2. HP: 16/16 MP: 3/5
   290 | D:1      | Reached skill level 4 in Earth Magic
   405 | D:1      | Reached skill level 1 in Fighting
   555 | D:1      | Reached XP level 3. HP: 20/20 MP: 3/6
  1488 | D:2      | Reached XP level 4. HP: 25/25 MP: 4/7
  1527 | D:2      | Reached skill level 5 in Earth Magic
  1534 | D:2      | Reached XP level 5. HP: 30/30 MP: 4/9
  1637 | D:2      | Found a faded altar of an unknown god.
  3322 | D:3      | Found a faded altar of an unknown god.
  3327 | D:3      | Found a white marble altar of Elyvilon.
  3461 | D:4      | Noticed a black bear
  3469 | D:3      | Killed a black bear
  3470 | D:3      | Reached skill level 6 in Earth Magic
  3470 | D:3      | Reached XP level 6. HP: 26/37 MP: 6/11
  3862 | D:4      | Found a staircase to the Ecumenical Temple.
  3875 | Temple   | Entered the Ecumenical Temple
  3905 | Temple   | Became a worshipper of Vehumet
  4318 | D:4      | Found a faded altar of an unknown god.
  4318 | D:4      | Noticed an orc warrior
  4318 | D:4      | Found the Hermit's Pendant {Faith Invo=14 Evo=0 MP+5}
  4334 | D:4      | Mangled by an orc warrior

Illustrated notes

Levels and vault maps discovered:
D:1:      evilmike_arrival_rings, layout_loops_ring
D:2:      cheibrodos_fertilizer, layout_basic, ebering_ecumenical_altar_hall
D:3:      layout_basic, nicolae_overflow_ecumenical_swirl, eino_tiny_chamber
D:4:      layout_loops_ring, minmay_temple_entry_mini_moons,
          hellmonk_guarded_unrand_hermit
Temple:   nicolae_temple_no_exploring_needed

Skill      XL: |  1  2  3  4  5 |
---------------+----------------+-----
Earth Magic    | 4 5 6 |  6.7
Fighting       | 1 2 3 |  3.4
Spellcasting   | 3 |  3.6
Dodging        | |  1.5
Stealth        | |  2.1
Transmutations | |  0.7

Action                     |  1- 3 |  4- 6 || total
---------------------------+-------+-------++-------
  Melee: Club              |     6 |       ||     6
   Cast: Sandblast         |    68 |    92 ||   160
    Use: Potion            |     1 |     4 ||     5
         Scroll            |       |     1 ||     1
 Armour: Robe              |    13 |    18 ||    31
  Dodge: Dodged            |    24 |    33 ||    57

Table legend: (Time is in decaauts)
 A = Elapsed time spent in this place.
 B = Non-inter-level travel time spent in this place.
 C = Inter-level travel time spent in this place.
 D = Time resting spent in this place.
 E = Time spent auto-exploring this place.
 F = Levels seen in this place.
 G = Mean time per level.
                   A        B        C        D        E       F      G
               +--------+--------+--------+--------+--------+-----+--------+
         Total |   4413 |   4266 |    147 |     97 |   3619 |   5 |  882.6 |
       Dungeon |   4375 |   4240 |    135 |     97 |   3596 |   4 | 1093.8 |
        Temple |     37 |     25 |     12 |      0 |     23 |   1 |   37.0 |
               +--------+--------+--------+--------+--------+-----+--------+

Top non-repeatable levels by time:
     D:2: 1348 daAuts
     D:1: 1131 daAuts
     D:3: 1119 daAuts
     D:4: 776 daAuts
  Temple: 37 daAuts
